 Dungeon Crawl Stone Soup version 0.31-a0-1540-g5a0b83f448 (webtiles) character file.

Game seed: 3961470568793955317

52 grandjackal the Trooper (level 3, -6/39 HPs)
             Began as an Oni Warper on Jan 1, 2024.
             Mangled by an orc
             ... wielding a +0 war axe
              (8 damage)
             ... on level 3 of the Dungeon.
             The game lasted 00:01:35 (1603 turns).

grandjackal the Trooper (Oni Warper)                Turns: 1603, Time: 00:01:36

Health: -6/39      AC:  3    Str: 15    XL:     3   Next: 85%
Magic:  6/6        EV:  9    Int: 16    God:
Gold:   56         SH:  0    Dex:  8    Spells: 4/7 levels left

rFire   . . .        a - +0 mace
rCold   . . .        (no shield)
rNeg    . . .        b - +0 robe
rPois   +            (helmet restricted)
rElec   .            (no cloak)
rCorr   .            (gloves unavailable)
SInv    .            (boots unavailable)
Will    .....        j - amulet of magic regeneration
Stlth   +            f - ring of poison resistance
HPRegen 0.26/turn    q - +4 ring of slaying
MPRegen 0.50/turn

%: no passive effects
@: no status effects
A: large, unfitting armour, horns 1, tough skin 1, double potion healing,
drunken brawling
a: no special abilities


You were on level 3 of the Dungeon.
You visited 1 branch of the dungeon, and saw 3 of its levels.

You collected 56 gold pieces.

Inventory:

Hand Weapons
 a - a +0 mace (weapon)
Missiles
 d - 7 darts of dispersal (quivered)
Armour
 b - a +0 robe (worn)
Jewellery
 f - a ring of poison resistance (left hand)
 j - an amulet of magic regeneration (around neck)
 q - a +4 ring of slaying (right hand)
Scrolls
 c - a scroll of blinking
 e - 2 scrolls of identify {unknown}
 g - 4 scrolls of teleportation {unknown}
 i - a scroll of immolation {unknown}
 k - 2 scrolls of poison {unknown}
 m - a scroll of enchant weapon {unknown}
Potions
 h - a potion of heal wounds {unknown}
 l - 2 potions of brilliance {unknown}
 n - a potion of might {unknown}
 o - a potion of attraction {unknown}
 p - a potion of curing {unknown}
 r - a potion of berserk rage {unknown}
 s - a potion of ambrosia {unknown}


   Skills:
 + Level 4.0 Fighting
 + Level 2.9 Maces & Flails
 - Level 1.0 Throwing
 - Level 2.1 Dodging
 + Level 2.6 Spellcasting
 - Level 3.0 Translocations


You had 4 spell levels left.
You knew the following spells:

 Your Spells              Type           Power      Damage    Failure   Level
a - Blink                 Tloc           22%        N/A       9%          2
b - Apportation           Tloc           22%        N/A       6%          1

Your spell library contained the following spells:

 Spells                   Type           Power      Damage    Failure   Level
 Lesser Beckoning         Tloc           22%        N/A       9%          2
 Teleport Other           Tloc           11%        N/A       17%         3
 Jinxbite                 Hex            4%         N/A       30%         2
 Manifold Assault         Tloc           11%        N/A       50%         4
 Vhi's Electric Charge    Tloc/Air       12%        N/A       71%         4
 Alistair's Intoxication  Alch           1%         N/A       99%         5


Dungeon Overview and Level Annotations

Branches:
Dungeon (3/15)

Altars:
Nemelex Xobeh

Shops:
D:2 [


Innate Abilities, Weirdness & Mutations

You are too large for most types of armour.
You have a pair of small horns on your head.
You have tough skin. (AC +1)
You gain doubled healing and magic from potions.
Whenever you drink a healing potion, you attack all around you.


Message History

You kill the ribbon worm!
Your Fighting skill increases to level 4!
You open the door.
Found a faded altar of an unknown god.
There is an open door here.
Found a sparkling altar of Nemelex Xobeh.
Found a stone staircase leading down.
There is an open door here.
An orc priest comes into view. It is wielding a +0 whip.
The orc priest shouts!
You hear a shout!
The orc priest casts a cantrip, but nothing happens.
An orc priest is nearby!
An orc comes into view. It is wielding a +0 short sword.
The orc priest looks braver for a moment.
An orc comes into view. It is wielding a +0 heavy flail.
The orc shouts!
An orc comes into view. It is wielding a +0 whip.
The orc shouts!
An orc comes into view. It is wielding a +0 war axe.
The orc priest barely misses you.
You hit the orc priest but do no damage.
You headbutt the orc priest, but do no damage.
The orc hits you with a +0 short sword. The orc priest hits you with a +0 whip.
You hit the orc priest. You headbutt the orc priest.
The orc priest is lightly wounded.
The orc misses you.
The orc priest invokes the aid of Beogh against you.
Pain shoots through your body!
You barely miss the orc priest.
The orc priest is lightly wounded.
The orc hits you with a +0 short sword. The orc barely misses you.
You completely miss the orc. The orc hits you with a +0 short sword.
The orc closely misses you.
You are too injured to fight recklessly!
You hit the orc. You headbutt the orc.
The orc is almost dead.
The orc hits you with a +0 heavy flail!
* * * LOW HITPOINT WARNING * * *
The orc hits you with a +0 war axe!
You die...

######### ####.......#
##.##.#####.#####
##.#.#.# #....><
##..##..#####.#####
#...............#
##.....##'##.....###
...#.o@o.##...##.⌠....#
......ooo##.....##......
....##..##....#####....#
.... #.##....##8.8##.#.#
#.# #.#.....#.....#...#
#. ..#.._..#.._..#..##
...#.....#.....#..
##..##8.8##....##..#
#####....##...


You could see an orc priest and 4 orcs.

Vanquished Creatures
  A gnoll (D:1)
  2 dart slugs (D:1)
  2 ribbon worms
  2 bats
  2 endoplasms
  3 goblins
  5 hobgoblins
  6 kobolds
  A quokka (D:1)
  5 ball pythons
  A frilled lizard (D:1)
  2 rats
32 creatures vanquished.

Notes
Turn   | Place    | Note
-------+----------+-------------------------------------------
     0 | D:1      | grandjackal the Oni Warper began the quest for the Orb.
     0 | D:1      | Reached XP level 1. HP: 22/22 MP: 3/3
   133 | D:1      | Reached skill level 3 in Fighting
   136 | D:1      | Reached XP level 2. HP: 11/31 MP: 5/5
   138 | D:1      | HP: 1/31 [dart slug/slug dart (5)]
   312 | D:1      | Learned a level 2 spell: Blink
   396 | D:1      | Reached XP level 3. HP: 18/37 MP: 6/6
   873 | D:2      | Found Waroogh's Antique Armour Emporium.
  1282 | D:2      | Learned a level 1 spell: Apportation
  1573 | D:3      | Reached skill level 4 in Fighting
  1578 | D:3      | Found a faded altar of an unknown god.
  1582 | D:3      | Found a sparkling altar of Nemelex Xobeh.
  1603 | D:3      | Mangled by an orc

Illustrated notes

Levels and vault maps discovered:
D:1:      lemuel_arrival_tunnels, layout_basic
D:2:      layout_loops_ring, serial_shops, nicolae_shop_behind_doors
D:3:      layout_loops_corners, slow_altar_1, tso_oasis_becter,
          nicolae_overflow_ecumenical_swirl, serial_shops, shop, shop, shop,
          shop_statue, nicolae_half_adder

Skill      XL: |  1  2  3 |
---------------+----------+-----
Fighting       | 3 4 |  4.0
Translocations | 3 |  3.0
Maces & Flails | |  2.9
Throwing       | |  1.0
Dodging        | |  2.1
Spellcasting   | |  2.6

Action                     || total
---------------------------++-------
  Melee: Mace              ||    86
         Headbutt          ||    17
 Armour: Robe              ||    61
  Dodge: Dodged            ||    50

Table legend: (Time is in decaauts)
 A = Elapsed time spent in this place.
 B = Non-inter-level travel time spent in this place.
 C = Inter-level travel time spent in this place.
 D = Time resting spent in this place.
 E = Time spent auto-exploring this place.
 F = Levels seen in this place.
 G = Mean time per level.
                   A        B        C        D        E       F      G
               +--------+--------+--------+--------+--------+-----+--------+
         Total |   1624 |   1585 |     39 |    195 |   1087 |   3 |  541.3 |
       Dungeon |   1624 |   1585 |     39 |    195 |   1087 |   3 |  541.3 |
               +--------+--------+--------+--------+--------+-----+--------+

Top non-repeatable levels by time:
     D:1: 833 daAuts
     D:2: 705 daAuts
     D:3: 85 daAuts
